Unix NetHack Version 5.0.0-0 post-release - last build Jun 10 2026 00:39:30 (3ee93aec679c4c4259841fe613dc97188e26a321,branch:main).

Game began 2026-06-15 18:26:23, ended 2026-06-15 18:28:47.

Brudee, chaotic female human Rogue

                        --
                     -- |.----
                     -.*...|.---
                       |...<).d-- ----   ---- ----
                       ---...@......................-
                       |......G..- ---       -----  |
                       |.|.......h.
                       . |.|.--..--
                         ..--- ---
                         ..
                        ...
                       ----

Brudee the Footpad      St:11 Dx:16 Co:17 In:10 Wi:9 Ch:9  Chaotic S:189
Dlvl:3  $:17 HP:0(12) Pw:2(2) AC:4  Xp:1/18 T:448 

Latest messages:
 The jackal bites!
 You miss the jackal.
 The jackal bites!
 You hit the jackal.
 The jackal misses!
 You kill the jackal!
 You see here a jackal corpse.
 You destroy the kobold zombie!
 You see here a jackal corpse.
 There is a jackal corpse here; eat it? [ynq] (n) y
 Blecch!  Rotten food!
 You finish eating the jackal corpse.
 n - an unlabeled scroll.
 $ - 7 gold pieces (12 in total).
 There is nothing here to pick up.
 You hear the splashing of a naiad.
 You stop.  Shaggy is in the way!
 You swap places with Shaggy.
 You descend the stairs.
 $ - 5 gold pieces (17 in total).
 You can't go down here.
 You climb up the stairs.
 You swap places with Shaggy.
 You kill the fox!
 You descend the stairs.
 The door opens.
 That door is closed.
 The door opens.
 You see here a food ration.
 o - a food ration.
 You descend the stairs.
 Shaggy bites the gnome.
 The gnome is killed!
 Shaggy eats a gnome corpse.
 The hobbit wields a sling!
 The gnome throws a dart!
 You are almost hit by a dart.
 The hobbit shoots a rock!
 You are hit by a rock.
 The gnome hits!
 You miss the gnome.
 The gnome misses!
 You miss the gnome.
 The gnome hits!
 You hit the gnome.
 The gnome hits!
 You die...
 Do you want your possessions identified? [ynq] (y) y
 Do you want to see your attributes? [ynq] (y) y
 Do you want an account of creatures vanquished? [ynaq] (y) q

Inventory:
 Coins    ('$')
  $ - 17 gold pieces
 Weapons  (')')
  b - 7 +0 daggers (alternate weapons; not wielded)
  a - a +0 short sword (weapon in left hand)
 Armor    ('[')
  l - an uncursed +2 orcish helm (being worn)
  g - a cursed +0 pair of kicking boots
  c - an uncursed +1 leather armor (being worn)
 Comestibles  ('%')
  o - an uncursed food ration
 Scrolls  ('?')
  n - a blessed scroll of blank paper
  h - an uncursed scroll of enchant weapon
 Potions  ('!')
  i - an uncursed potion of healing
  k - an uncursed potion of object detection
  d - an uncursed potion of sickness
  j - a cursed potion of sickness
 Tools    ('(')
  f - an empty uncursed sack
  e - an uncursed lock pick
  m - an uncursed lock pick

Brudee the Rogue's attributes:

Background:
 You were a Footpad, a level 1 female human Rogue.
 You were chaotic, on a mission for Kos
 who was opposed by Issek (lawful) and Mog (neutral).
 You were left-handed.
 You were in the Gnomish Mines, on level 3.
 You entered the dungeon 448 turns ago.
 There was a new moon in effect when your adventure ended.
 You had 18 experience points, 2 more were needed to attain level 2.
 Your score was 189 before end-of-game adjustments.

Basics:
 You had 0 out of 12 hit points.
 You had both energy points (spell power).
 Your armor class was 4.
 Your wallet contained 17 zorkmids.
 Autopickup was on for '$!=+?/"' plus thrown.

Final Characteristics:
 Your strength was 11 (limit:18/100).
 Your dexterity was 16 (limit:18).
 Your constitution was 17 (limit:18).
 Your intelligence was 10 (limit:18).
 Your wisdom was 9 (limit:18).
 Your charisma was 9 (limit:18).

Final Status:
 You weren't hungry.
 You were unencumbered.
 You were wielding a short sword.
 You had basic skill with short sword.

Final Attributes:
 You were fervently aligned.
 You were stealthy.
 You were warded.
 You are dead.

Miscellaneous:
 You didn't encounter any bones levels.
 Total elapsed playing time was 2 minutes and 23 seconds.

Major events:
 Turn
    1: Brudee the chaotic female human Rogue entered the dungeon
  443: entered the Gnomish Mines
  448: killed by a gnome

You didn't know any spells.

Skills:
 Fighting Skills
   bare handed combat [Unskilled]
   two weapon combat  [Unskilled]
   riding             [Unskilled]
 Weapon Skills
   dagger             [Basic]
   knife              [Unskilled]
   short sword        [Basic]
   broadsword         [Unskilled]
   long sword         [Unskilled]
   two-handed sword   [Unskilled]
   saber              [Unskilled]
   club               [Unskilled]
   mace               [Unskilled]
   morning star       [Unskilled]
   flail              [Unskilled]
   hammer             [Unskilled]
   polearms           [Unskilled]
   spear              [Unskilled]
   crossbow           [Unskilled]
   dart               [Unskilled]
   shuriken           [Unskilled]
 Spellcasting Skills
   divination spells  [Unskilled]
   escape spells      [Unskilled]
   matter spells      [Unskilled]

Voluntary challenges:
 Character rerolling was not enabled.
 You were an atheist.
 You were illiterate.
 You never genocided any monsters.
 You never polymorphed an object.
 You never changed form.
 You used no wishes.
Achievement:
 You entered the Gnomish Mines.

 The Dungeons of Doom: levels 1 to 2
    Level 1:
       A fountain.
    Level 2:
       Stairs down to The Gnomish Mines.
 The Gnomish Mines:
    Level 3: <- You were here.
       Final resting place for
          you, killed by a gnome.


Vanquished creatures:
  a gnome
  2 jackals
  a fox
  a goblin
  a grid bug
  a lichen
  a kobold zombie
8 creatures vanquished.

No species were genocided or became extinct.

Game over:
                       ----------
                      /          \
                     /    REST    \
                    /      IN      \
                   /     PEACE      \
                  /                  \
                  |      Brudee      |
                  |      17 Au       |
                  |   killed by a    |
                  |      gnome       |
                  |                  |
                  |                  |
                  |       2026       |
                 *|     *  *  *      | *
        _________)/\\_//(\/(/\)/\//\/|_)_______

Goodbye Brudee the Rogue...

You died in The Gnomish Mines on dungeon level 3 with 188 points,
and 17 pieces of gold, after 448 moves.
You were level 1 with a maximum of 12 hit points when you died.

